 Dungeon Crawl Stone Soup version 0.23.2 (webtiles) character file.

Game seed: 2236076133324947349

98 Gargoyl the Skirmisher (level 4, 0/38 HPs)
             Began as a Centaur Abyssal Knight on Apr 2, 2019.
             Was a Believer of Lugonu.
             Succumbed to a kobold's poison
             ... on level 3 of the Dungeon.
             The game lasted 00:03:47 (2646 turns).

Gargoyl the Skirmisher (Centaur Abyssal Knight)     Turns: 2646, Time: 00:03:48

Health: 0/38       AC:  7    Str: 11 (12) XL:     4   Next: 43%
Magic:  5/5        EV:  8    Int: 15 (16) God:    Lugonu [**....]
Gold:   125        SH:  0    Dex: 14 (15) Spells: 3/3 levels left

rFire    + . .     SeeInvis .   a - +2 hand axe
rCold    . . .     Gourm    .   (no shield)
rNeg     . . .     Faith    .   m - +0 chain mail
rPois    .         Spirit   .   (no helmet)
rElec    .         Reflect  .   (no cloak)
rCorr    .         Harm     .   (no gloves)
MR       .....                  (no barding)
Stlth    ..........             (no amulet)
HPRegen  0.12/turn              d - ring of protection from fire
MPRegen  0.09/turn              (no ring)

@: brilliant, agile, lethally poisoned (0 -> -38), hasted, very quick
A: large, hooves 3, deformed body, speed 2, tough skin 3, [weak 1]
a: Depart the Abyss, Bend Space, Renounce Religion


You were on level 3 of the Dungeon.
You worshipped Lugonu.
Lugonu was pleased with you.
You were not hungry.

You visited 1 branch of the dungeon, and saw 3 of its levels.
You visited the Abyss 1 time.

You collected 125 gold pieces.

Inventory:

Hand Weapons
 a - a +2 hand axe (weapon)
Missiles
 i - 3 exploding tomahawks (quivered)
Armour
 m - a +0 chain mail (worn)
Jewellery
 d - a ring of protection from fire (left hand)
Scrolls
 b - a scroll of identify {unknown}
 g - 5 scrolls of teleportation
 h - a scroll of random uselessness
 k - a scroll of remove curse {unknown}
 n - a scroll of amnesia {unknown}
Potions
 j - a potion of haste
 l - a potion of berserk rage
Comestibles
 c - 3 rations


   Skills:
 + Level 3.5 Fighting
 + Level 2.3 Axes
 * Level 2.3 Armour
 * Level 1.2 Dodging
 * Level 2.6 Invocations


You had 3 spell levels left.
You didn't know any spells.
Your spell library contained the following spells:

 Spells                   Type           Power        Failure   Level  Hunger
 Animate Skeleton         Necr           N/A          73%         1    ##.....
 Apportation              Tloc           #.....       73%         1    ##.....
 Confusing Touch          Hex            #.....       73%         1    ##.....
 Summon Small Mammal      Summ           #...         73%         1    ##.....


Dungeon Overview and Level Annotations

Branches:
Dungeon (3/15)

Altars:
Ashenzari
Nemelex Xobeh
Trog
Yredelemnul


Innate Abilities, Weirdness & Mutations

You have hooves in place of feet.
Armour fits poorly on your strangely shaped body.
You cover ground very quickly.
You have extremely tough skin. (AC +3)
[You are weak. (Str -2)]


Message History

* * * LOW HITPOINT WARNING * * *
You feel sick.
The crimson imp blinks!
You hit the jackal. You kick the jackal.
You kill the jackal!
Lugonu accepts your kill.
* * * LOW HITPOINT WARNING * * *
You feel sick.
The kobold shoots a poisoned needle.
The poisoned needle hits you!
You are more poisoned.
You closely miss the goblin.
* * * LOW HITPOINT WARNING * * *
You feel sick. The goblin barely misses you.
You hit the goblin.
You kill the goblin!
Lugonu accepts your kill.
* * * LOW HITPOINT WARNING * * *
You feel sick.
The kobold shoots a poisoned needle.
The poisoned needle hits you!
You are more poisoned.
You die...

..#####.#.####.##.....##
........................
...........5<...........
..#####(####)..##.###...
#.# #..†##+###+## #(#
###..)...... #(#
#......... #(#
#......... #@#
##........ +....K....#
......... #####.###.#
......... ... #....###+#
#.# #....# #+# #....#


You could see a kobold.

Vanquished Creatures
  4 adders
  2 dart slugs
  3 leopard geckos
  2 ball pythons (D:1)
  A bat (D:1)
  A giant cockroach (D:1)
  6 goblins
  11 hobgoblins
  5 jackals
  5 kobolds
  5 frilled lizards
  5 rats
50 creatures vanquished.

Notes
Turn   | Place    | Note
-------+----------+-------------------------------------------
     0 | Abyss:1  | Gargoyl the Centaur Abyssal Knight began the quest for the
                  | Orb.
     0 | Abyss:1  | Reached XP level 1. HP: 19/19 MP: 2/2
    69 | Abyss:2  | Found a corrupted altar of Lugonu.
   120 | Abyss:2  | Noticed a large abomination
   137 | Abyss:2  | Noticed a small abomination
   156 | Abyss:2  | Noticed a chaos spawn
   183 | Abyss:2  | Noticed a wretched star
   187 | D:1      | Escaped the Abyss
   368 | D:1      | Reached XP level 2. HP: 19/26 MP: 3/3
   646 | D:1      | Reached * piety under Lugonu
  1134 | D:1      | Reached skill level 1 in Dodging
  1352 | D:1      | Reached XP level 3. HP: 31/31 MP: 4/4
  2221 | D:2      | Reached XP level 4. HP: 34/38 MP: 5/5
  2239 | D:2      | Found a shattered altar of Ashenzari.
  2242 | D:2      | Found a sparkling altar of Nemelex Xobeh.
  2245 | D:2      | Found a basalt altar of Yredelemnul.
  2248 | D:2      | Found a bloodstained altar of Trog.
  2591 | D:3      | Reached ** piety under Lugonu
  2645 | D:3      | HP: 1/38 [poisoned by a kobold]
  2646 | D:3      | Succumbed to a kobold's poison

Skill      XL: |  1  2  3 |
---------------+----------+-----
Axes           | 2 |  2.3
Dodging        | 1 |  1.2
Armour         | 2 |  2.3
Fighting       | |  3.5
Invocations    | |  2.6

Action                   |  1- 3 |  4- 6 || total
-------------------------+-------+-------++-------
Melee: Hand axe          |   114 |    42 ||   156
       Kick              |     7 |     9 ||    16
Invok: Depart the Abyss  |     1 |       ||     1
  Use: Scroll            |     5 |       ||     5
       Potion            |     1 |     4 ||     5
  Eat: Chunk             |     2 |     2 ||     4
Armor: Leather armour    |    30 |       ||    30
       Chain mail        |    37 |    29 ||    66
       Ring mail         |     3 |       ||     3
Dodge: Dodged            |    41 |     7 ||    48
